 Dungeon Crawl Stone Soup version 0.17.1-1-g73c8601 (webtiles) character file.

26038 Glider the Destroyer (level 13, -1/74 HPs)
             Began as a Gargoyle Conjurer on Dec 30, 2015.
             Was a High Priest of Ashenzari.
             Slain by an eight-headed hydra (4 damage)
             ... on level 5 of the Lair of Beasts.
             The game lasted 02:51:12 (24992 turns).

Glider the Destroyer (Gargoyle Conjurer)           Turns: 24992, Time: 02:51:12

Health: -1/74      AC: 15    Str: 19    XL:     13   Next: 23%
Magic:  14/27      EV: 14    Int: 20    God:    Ashenzari [*****.]
Gold:   848        SH:  0    Dex: 10    Spells: 8 memorised, 6 levels left

rFire  . . .     SeeInvis +     v - staff of conjuration (curse)
rCold  . . .     Clarity  +     a - +0 robe (curse)
rNeg   + . .     SustAt   .     (no shield)
rPois  ∞         Gourm    +     H - +0 hat (curse)
rElec  +         Spirit   .     Y - +0 cloak (curse)
rCorr  .         Warding  .     b - +0 pair of gloves (curse)
rMut   .         Stasis   .     M - +1 pair of boots (curse)
MR     .....                    K - amulet of the gourmand (curse)
Stlth  ++++......               F - +6 ring of strength (curse)
                                r - ring of wizardry (curse)

@: not resistant to hostile enchantments, stealthy
A: negative energy resistance 1, electricity resistance, unbreathing,
petrification resistance, rot immunity, AC +9
a: Scrying, Transfer Knowledge, Renounce Religion


You were on level 5 of the Lair of Beasts.
You worshipped Ashenzari.
Ashenzari was extremely pleased with you.
You were completely stuffed.

You visited 3 branches of the dungeon, and saw 18 of its levels.
You also visited: Labyrinth.

You collected 848 gold pieces.

Inventory:

Armour
 a - a cursed +0 robe (worn)
 b - a cursed +0 pair of gloves (worn)
 c - a +0 troll leather armour
 q - the +2 scale mail "Heugru" {Str-3 Int+6}
   (You found it on level 4 of the Lair of Beasts)

   It affects your strength (-3).
   It affects your intelligence (+6).
 t - a +0 robe of cold resistance
 H - a cursed +0 hat (worn)
 M - a cursed +1 pair of boots (worn)
 Y - a cursed +0 cloak (worn)
Magical Staves
 v - a cursed staff of conjuration (weapon)
Jewellery
 e - an uncursed ring of ice
 j - a cursed ring of teleportation
 r - a cursed ring of wizardry (left hand)
 F - a cursed +6 ring of strength (right hand)
 K - a cursed amulet of the gourmand (around neck)
Wands
 y - a wand of frost (37)
 z - a wand of flame (13)
 A - a wand of enslavement (12)
 E - a wand of lightning (7)
 N - a wand of cold (6)
Scrolls
 h - 3 scrolls of blinking
 i - 5 scrolls of teleportation
 l - 3 scrolls of amnesia
 o - 4 scrolls of immolation
 s - 5 scrolls of recharging
 w - 2 scrolls of enchant weapon
 B - 3 scrolls of enchant armour
 C - 2 scrolls of curse jewellery
 L - a scroll of fear
 S - 2 scrolls of remove curse
Potions
 d - a potion of agility {unknown}
 m - 6 potions of might
 p - 4 potions of heal wounds
 u - 5 potions of curing
 x - a potion of haste
 D - 2 potions of flight
 G - 2 potions of berserk rage {unknown}
 I - a potion of cancellation
 J - a potion of resistance
 X - 2 potions of brilliance {unknown}
Books
 k - a book of Ice

   Spells                             Type                      Level
   a - Ice Form                       Ice/Transmutation            4
   b - Metabolic Englaciation         Hexes/Ice                    5
   c - Ozocubu's Refrigeration        Ice                          6
   d - Bolt of Cold                   Conjuration/Ice              6
   e - Freezing Cloud                 Conjuration/Ice/Air          6
   f - Simulacrum                     Ice/Necromancy               6
Comestibles
 f - 2 bread rations
 g - a beef jerky
 n - 3 meat rations
 R - 35 fruits


   Skills:
 - Level 6.0 Fighting
 - Level 3.1(6.5) Dodging
 - Level 4.0(7.7) Stealth
 - Level 10.1(13.8) Spellcasting
 - Level 14.1(17.6) Conjurations
 * Level 8.3(12.3) Hexes
 * Level 4.7(8.6) Charms
 * Level 3.0(6.4) Fire Magic
 * Level 3.2(6.7) Earth Magic
 - Level 5.0(9.0) Evocations


You had 6 spell levels left.
You knew the following spells:

 Your Spells              Type           Power        Failure   Level  Hunger
a - Magic Dart            Conj           ####         0%          1    None
b - Searing Ray           Conj           ######       0%          2    None
c - Dazzling Spray        Conj/Hex       #######.     1%          3    None
d - Fulminant Prism       Conj/Hex       #######...   1%          4    None
e - Iskenderun's Mystic   Conj           #######.     1%          4    None
f - Iskenderun's Battles  Conj/Chrm      #######.     1%          5    ####...
g - Swiftness             Chrm/Air       ####....     1%          2    None
h - Bolt of Magma         Conj/Fire/Erth ######....   1%          5    ####...


Dungeon Overview and Level Annotations

Branches:
Dungeon (12/15)            Temple (1/1) D:4            Lair (5/8) D:10
  Swamp (0/4) Lair:4        Snake (0/4) Lair:4          Orc (0/4) D:9

Altars:
Ashenzari
Cheibriados
Dithmenos
Elyvilon
Fedhas
Gozag
Kikubaaqudgha
Makhleb
Nemelex Xobeh
Okawaru
Qazlal
Ru
Sif Muna
Trog
Vehumet
Xom
Yredelemnul
Zin
The Shining One

Shops:
D:6 %   D:9 **%

Annotations:
D:3 Gargoyl's ghost, amateur DsAK
D:5 sageon's ghost, amateur CeHu
D:6 sageon's ghost, amateur CeHu
D:11 Glider's ghost, journeyman OpTm


Innate Abilities, Weirdness & Mutations

You are resistant to torment.
Your stone body is resilient (AC +9).
You are immune to poison.
You resist negative energy.
You are resistant to electric shocks.
You can survive without breathing.
You are immune to petrification.
You are immune to rotting.


Message History

Confirm with . or Enter, or press ? or * to list all spells.
Aiming: Iskenderun's Mystic Blast
Press: ? - help, Shift-Dir - straight line, f/p - eight-headed hydra
Aim: an eight-headed hydra (lightly wounded)
You feel a surge of power!
The orb of energy hits the eight-headed hydra.
The eight-headed hydra is moderately wounded.
Your battlesphere fires!
The barrage of energy hits the eight-headed hydra.
The eight-headed hydra is heavily wounded.
The eight-headed hydra barely misses you.
The eight-headed hydra bites you!
* * * LOW HITPOINT WARNING * * *
The eight-headed hydra bites you but does no damage.
The eight-headed hydra bites you!
* * * LOW HITPOINT WARNING * * *
The eight-headed hydra misses you.
The eight-headed hydra barely misses you.
The eight-headed hydra bites you.
You die...

, ,
,................
,, , * ,
,,,................
,,, , ,, ,,
,................ ,
,, , ,
................ ,
,, , , ,
.........*......, ,
, , * , ,,
.............P.. ,
, ,
,....†..P†.††....,
, , ,
.......D†.†..... ,,
,, ,,,,,
,.......P@....... ,
,,,
......P......... ,,
, .........#.#P.#P
,, , ,,
........####,.#, ,
, , ,.......##* ,.#
,, , ,,....... ,***
,# ,, , , , *,
.......* , , ,,
,,,*,, ...... , , ,
>,, ,,,,, * * , ,


You could see an eight-headed hydra.

Vanquished Creatures
  2 hydras
  The ghost of Andry07 the Blocker, a journeyman VSFi of the Shining One (Lair:2)
  The ghost of henrikdeath the Thaumaturge, a novice DEWz of Sif Muna (Lair:2)
  Pikel (D:5)
  A hill giant (D:10)
  An ugly thing (D:11)
  3 elephants (Lair:4)
  4 spiny frogs
  A gargoyle (D:12)
  A kobold demonologist (D:11)
  3 komodo dragons
  A queen bee (D:11)
  2 trolls
  Grinder (D:6)
  5 blink frogs
  Sigmund (D:5)
  25 yaks
  A wraith (D:9)
  3 basilisks
  Eustachio (D:5)
  A wyvern (D:11)
  8 hippogriffs
  A steam dragon (D:10)
  8 wolves
  A hungry ghost (D:8)
  6 water moccasins
  5 porcupines
  A mottled dragon (D:11)
  2 slaves (D:5)
  4 nagas (Lair:4)
  6 swamp worms (Lair:4)
  2 sky beasts
  A black bear (D:10)
  An ice beast (D:7)
  2 phantoms
  2 orc warriors
  A wasp (D:5)
  6 centaurs
  8 crocodiles
  8 ogres
  The ghost of Mandevil the Ruffian, an amateur VSFi (D:4)
  A wyvern zombie (D:7)
  8 giant frogs
  12 big kobolds
  2 gnoll sergeants (D:11)
  2 scorpions
  A wyvern skeleton (D:6)
  3 wights (D:10)
  An electric eel (Lair:4)
  29 killer bees
  3 spriggan skeletons (Lab)
  3 crimson imps
  A giant frog zombie (D:10)
  7 hounds
  2 quasits
  7 orc priests
  5 jellies
  3 iguanas
  10 orc wizards
  4 worker ants
  2 hound skeletons (D:5)
  16 adders
  13 gnolls
  40 river rats
  6 oozes
  2 adder skeletons
  An adder zombie (D:8)
  3 worms
  8 giant geckos
  29 orcs
  6 bats
  4 giant cockroaches
  11 hobgoblins
  8 jackals
  6 quokkas
  7 giant newts
  16 goblins
  54 kobolds
  A quokka skeleton (D:5)
  9 rats
  6 fungi
  4 plants (D:10)
490 creatures vanquished.

Vanquished Creatures (others)
  A crimson imp (D:5)
  A hound (D:5)
  A gnoll (D:5)
  A quokka skeleton (D:5)
  86 fulminant prisms
  5 fungi
  3 plants
98 creatures vanquished.

Grand Total: 588 creatures vanquished

Notes
Turn   | Place    | Note
--------------------------------------------------------------
     0 | D:1      | Glider the Gargoyle Conjurer began the quest for the Orb.
     0 | D:1      | Reached XP level 1. HP: 10/10 MP: 3/3
   390 | D:1      | Reached XP level 2. HP: 15/15 MP: 5/5
   394 | D:1      | Learned a level 2 spell: Searing Ray
   561 | D:1      | Reached skill level 5 in Conjurations
   766 | D:2      | Reached XP level 3. HP: 19/19 MP: 6/6
   771 | D:2      | Learned a level 3 spell: Dazzling Spray
   813 | D:2      | Found a deep blue altar of Sif Muna.
   845 | D:2      | Found a glowing silver altar of Zin.
  1088 | D:2      | Found a stormy altar of Qazlal.
  1147 | D:2      | Reached skill level 6 in Conjurations
  1147 | D:2      | Reached XP level 4. HP: 21/24 MP: 7/7
  1303 | D:2      | Found a sparkling altar of Nemelex Xobeh.
  2222 | D:3      | Reached skill level 1 in Hexes
  2222 | D:3      | Reached XP level 5. HP: 19/28 MP: 8/8
  2693 | D:3      | Noticed Gargoyl's ghost (amateur DsAK)
  3103 | D:3      | Noticed a big kobold
  3114 | D:3      | Killed a big kobold
  3114 | D:3      | Reached skill level 7 in Conjurations
  3231 | D:3      | Noticed a big kobold
  3233 | D:3      | Reached XP level 6. HP: 29/32 MP: 6/9
  3261 | D:3      | Killed a big kobold
  3755 | D:3      | Noticed a big kobold
  3755 | D:3      | Noticed a big kobold
  3823 | D:3      | Killed a big kobold
  3823 | D:3      | Reached skill level 8 in Conjurations
  3828 | D:3      | Killed a big kobold
  3828 | D:3      | Reached XP level 7. HP: 11/36 MP: 1/10
  3836 | D:3      | Learned a level 4 spell: Fulminant Prism
  4087 | D:3      | Noticed a big kobold
  4092 | D:3      | Killed a big kobold
  4324 | D:3      | Reached skill level 9 in Conjurations
  4551 | D:3      | Noticed a big kobold
  4560 | D:3      | Killed a big kobold
  4857 | D:4      | Found a white marble altar of Elyvilon.
  4946 | D:4      | Noticed Mandevil's ghost (amateur VSFi)
  4948 | D:4      | Found a staircase to the Ecumenical Temple.
  4957 | Temple   | Entered the Ecumenical Temple
  5089 | Temple   | Became a worshipper of Ashenzari the Shackled
  5240 | D:4      | Killed Mandevil's ghost
  5575 | D:5      | Entered Level 5 of the Dungeon
  5727 | D:5      | Found a shimmering altar of Xom.
  5740 | D:5      | Reached XP level 8. HP: 37/41 MP: 7/12
  5786 | D:5      | Noticed Eustachio
  5792 | D:5      | Noticed Pikel
  5799 | D:5      | Killed Eustachio
  5827 | D:5      | Noticed sageon's ghost (amateur CeHu)
  6074 | D:5      | Reached skill level 5 in Hexes
  6808 | D:5      | Noticed Sigmund
  6808 | D:5      | Killed Pikel
  6808 | D:5      | Reached XP level 9. HP: 35/45 MP: 1/15
  7020 | D:5      | Killed Sigmund
  7020 | D:5      | Reached skill level 5 in Spellcasting
  7147 | D:5      | Gained mutation: You evolve. [potion of beneficial mutation]
  7153 | D:5      | Learned a level 4 spell: Iskenderun's Mystic Blast
  7604 | D:6      | Found a radiant altar of Vehumet.
  7772 | D:6      | Reached skill level 1 in Fighting
  7804 | D:6      | Noticed Grinder
  7810 | D:6      | Killed Grinder
  7875 | D:6      | Reached * piety under Ashenzari
  8387 | D:6      | Found Irregite's Food Boutique.
  9084 | D:7      | Lost mutation: You evolve. [end of evolution]
  9176 | D:7      | Reached skill level 10 in Conjurations
  9176 | D:7      | Reached XP level 10. HP: 54/54 MP: 12/19
  9436 | D:7      | Learned a level 5 spell: Iskenderun's Battlesphere
  9553 | D:7      | Got the uncursed ring mail "Rotzihaer" {MR+ Slay+3}
  9653 | D:7      | Identified the +2 ring mail "Rotzihaer" {MR+ Slay+3} (You found it on level 7 of the Dungeon)
  9825 | D:7      | Found a snail-covered altar of Cheibriados.
 10314 | D:8      | Reached skill level 11 in Conjurations
 10747 | D:8      | Reached skill level 1 in Charms
 11759 | D:9      | Found a staircase to the Orcish Mines.
 11761 | D:9      | Reached ** piety under Ashenzari
 11876 | D:9      | Found Lenegara's Assorted Antiques.
 12014 | D:9      | Found Cukhlydaed's Assorted Antiques.
 12358 | D:9      | Found Ihorath's Food Shop.
 12596 | D:10     | Entered Level 10 of the Dungeon
 12625 | D:10     | Found a bloodstained altar of Trog.
 12823 | D:10     | Noticed a hill giant
 12829 | D:10     | Killed a hill giant
 13047 | D:10     | Found a staircase to the Lair.
 13067 | D:10     | Reached skill level 1 in Evocations
 13118 | Lair:1   | Entered Level 1 of the Lair of Beasts
 13187 | Lair:1   | Found a labyrinth entrance.
 13196 | Lab      | Entered a labyrinth
 13355 | Lab      | Reached XP level 11. HP: 60/60 MP: 15/23
 13449 | Lab      | Reached *** piety under Ashenzari
 13456 | Lab      | Noticed a minotaur
 13726 | Lab      | Identified Amixy's Guide on Enhancements (You found it in a labyrinth)
 13881 | D:10     | Learned a level 2 spell: Swiftness
 14513 | D:11     | Reached skill level 5 in Fighting
 15439 | D:12     | Noticed a hill giant
 16061 | D:11     | Identified a scroll of acquirement
 16062 | D:11     | Got the cursed buckler of the Dolphin {rC- Str+5}
 16683 | D:11     | Noticed Glider's ghost (journeyman OpTm)
 16756 | Lair:1   | Learned a level 5 spell: Bolt of Magma
 18034 | Lair:1   | Reached skill level 12 in Conjurations
 18153 | Lair:1   | Reached XP level 12. HP: 62/70 MP: 11/24
 18243 | Lair:1   | Reached skill level 5 in Evocations
 19399 | Lair:2   | Reached skill level 13 in Conjurations
 19401 | Lair:2   | Noticed henrikdeath's ghost (novice DEWz)
 19628 | Lair:2   | Noticed Andry07's ghost (journeyman VSFi)
 19784 | Lair:2   | Reached **** piety under Ashenzari
 19966 | Lair:2   | Killed henrikdeath's ghost
 20795 | Lair:2   | Killed Andry07's ghost
 21255 | Lair:3   | Noticed a seven-headed hydra
 21393 | Lair:3   | Reached skill level 14 in Conjurations
 21758 | Lair:3   | Killed a seven-headed hydra
 22336 | Lair:3   | Reached ***** piety under Ashenzari
 22573 | Lair:4   | Noticed a seven-headed hydra
 22576 | Lair:4   | Killed a seven-headed hydra
 22909 | Lair:4   | Identified the +2 scale mail "Heugru" {Str-3 Int+6}
 22968 | Lair:4   | Reached skill level 10 in Spellcasting
 23140 | Lair:4   | Reached skill level 1 in Fire Magic
 23140 | Lair:4   | Reached XP level 13. HP: 72/74 MP: 17/27
 23237 | Lair:4   | Found a staircase to the Snake Pit.
 23345 | Lair:4   | Noticed a six-headed hydra
 23528 | Lair:4   | Reached skill level 1 in Earth Magic
 24758 | Lair:4   | Found a staircase to the Swamp.
 24992 | Lair:5   | HP: 3/74 [eight-headed hydra (11)]
 24992 | Lair:5   | Slain by an eight-headed hydra

Action                   |  1- 3 |  4- 6 |  7- 9 | 10-12 | 13-15 || total
-------------------------+-------+-------+-------+-------+-------++-------
Melee: Whip              |    74 |   234 |    25 |       |       ||   333
       Dagger            |    44 |       |    54 |       |       ||    98
       Staff             |       |       |   139 |   324 |    11 ||   474
Throw: Javelin           |       |     8 |       |       |       ||     8
 Cast: Magic Dart        |     2 |    12 |    49 |    24 |     5 ||    92
       Searing Ray       |     2 |    11 |    25 |    37 |       ||    75
       Dazzling Spray    |       |     9 |    27 |   192 |       ||   228
       Fulminant Prism   |       |       |    16 |    64 |     6 ||    86
       Iskenderun's Myst |       |       |     8 |    83 |    46 ||   137
       Iskenderun's Batt |       |       |       |    22 |     8 ||    30
       Swiftness         |       |       |       |     5 |     1 ||     6
Invok: Scrying           |       |       |       |     3 |       ||     3
Evoke: Wand              |       |       |       |    14 |       ||    14
  Use: Scroll            |       |       |    17 |    21 |       ||    38
       Potion            |       |       |     1 |     2 |       ||     3
 Stab: Sleeping          |     2 |     3 |     1 |     5 |       ||    11
       Distracted        |     1 |       |     1 |       |       ||     2
       Invisible         |       |       |     1 |       |       ||     1
  Eat: Chunk             |     1 |    10 |    12 |    65 |     7 ||    95
       Meat ration       |       |       |     2 |       |       ||     2
       Fruit             |       |       |     1 |     7 |       ||     8
       Beef jerky        |       |       |       |     1 |       ||     1
       Pizza             |       |       |       |     1 |       ||     1
